 Dungeon Crawl Stone Soup version 0.32-a0-630-g46d191b0ed (webtiles) character file.

Game seed: 15076297878558108086

7 Malificent the Charlatan (level 1, 0/16 HPs)
             Began as a Mountain Dwarf Artificer on Mar 6, 2024.
             Slain by a ball python (1 damage)
             ... on level 1 of the Dungeon.
             The game lasted 00:00:54 (412 turns).

Malificent the Charlatan (Mountain Dwarf Artificer)  Turns: 412, Time: 00:00:55

Health: 0/16       AC:  3    Str: 14    XL:     1   Next: 91%
Magic:  1/1        EV:  1    Int: 11    God:
Gold:   15         SH:  0    Dex: 10    Spells: 0/0 levels left

rFire   . . .        f - +0 mace
rCold   . . .        (no shield)
rNeg    . . .        b - +0 leather armour
rPois   .            (helmet currently unavailable)
rElec   .            (cloak currently unavailable)
rCorr   .            (gloves currently unavailable)
SInv    .            (boots currently unavailable)
Will    .....        (no amulet)
Stlth   +            (no ring)
HPRegen 0.22/turn    (no ring)
MPRegen 0.07/turn

%: no passive effects
@: beast-form, constricted
A: beast (slay +0), runic magic, artefact enchanting
a: Begin Untransformation


You were on level 1 of the Dungeon.
You were a hulking beast.
You visited 1 branch of the dungeon, and saw 1 of its levels.

You collected 15 gold pieces.

Inventory:

Hand Weapons
 a - a +0 club
 f - a +0 mace (weapon)
Armour
 b - a +0 leather armour (worn)
Talismans
 h - a beast talisman (active)
Wands
 c - a wand of flame (15) (quivered)
 d - a wand of charming (15)
 e - a wand of iceblast (5)
Potions
 g - a potion of magic {unknown}
 i - a potion of heal wounds {unknown}


   Skills:
 + Level 1.3 Fighting
 + Level 0.3 Maces & Flails
 + Level 2.2 Armour
 + Level 0.7 Dodging
 + Level 0.6 Stealth
 + Level 3.6 Evocations


You couldn't memorise any spells.
You didn't know any spells.
Your spell library was empty.

Dungeon Overview and Level Annotations

Branches:
Dungeon (1/15)

Altars:


Innate Abilities, Weirdness & Mutations

You are a hulking beast.
Your limbs bulge with bestial killing power. (Slay +0)
Your spellcasting is much less encumbered by armour.
You can use scrolls of enchantment on lesser artefacts.


Message History

There is an open door here.
You open the door.
There is an open door here.
A ball python comes into view.
The ball python hisses angrily.
You barely miss the ball python. The ball python closely misses you.
You completely miss the ball python.
The ball python bites you but does no damage.
The ball python closely misses you.
The ball python bites you but does no damage.
The ball python misses you.
You hit the ball python but do no damage.
The ball python completely misses you.
The ball python bites you but does no damage.
The ball python grabs you. The ball python constricts you.
You barely miss the ball python. The ball python bites you.
The ball python constricts you.
You closely miss the ball python. The ball python bites you.
The ball python constricts you.
The ball python bites you but does no damage.
The ball python constricts you.
You barely miss the ball python. The ball python bites you.
The ball python constricts you.
The ball python bites you but does no damage.
The ball python constricts you.
* * * LOW HITPOINT WARNING * * *
You hit the ball python but do no damage.
The ball python bites you.
* * * LOW HITPOINT WARNING * * *
The ball python constricts you.
* * * LOW HITPOINT WARNING * * *
You hit the ball python but do no damage.
The ball python bites you.
* * * LOW HITPOINT WARNING * * *
The ball python constricts you.
The ball python bites you but does no damage.
The ball python constricts you.
* * * LOW HITPOINT WARNING * * *
You barely miss the ball python. The ball python bites you.
You die...

##...## #.#
##...[.## ##..##
##...††..## #....#
#.........# .$...
+.........' #...
#.........# #..
##.......## #S#
##.....## #h#
##...## #.# ##'##
#.# #.# #.# #.# #.#
#######.### ##.##
#.........###
#...###.###.#####..
#.......# ###......
#...#######......##


You could see a ball python.

Vanquished Creatures
  2 ball pythons (D:1)
  An endoplasm (D:1)
  A giant cockroach (D:1)
  A quokka (D:1)
  A frilled lizard (D:1)
  A rat (D:1)
7 creatures vanquished.

Notes
Turn   | Place    | Note
-------+----------+-------------------------------------------
     0 | D:1      | Malificent the Mountain Dwarf Artificer began the quest for
                  | the Orb.
     0 | D:1      | Reached XP level 1. HP: 16/16 MP: 1/1
   412 | D:1      | Slain by a ball python

Illustrated notes

Levels and vault maps discovered:
D:1:      dpeg_arrival_oval, layout_loops_corners

Action                     || total
---------------------------++-------
  Melee: Mace              ||    31
 Armour: Leather armour    ||    51
  Dodge: Dodged            ||    28
   Form: Beast             ||     1

Table legend: (Time is in decaauts)
 A = Elapsed time spent in this place.
 B = Non-inter-level travel time spent in this place.
 C = Inter-level travel time spent in this place.
 D = Time resting spent in this place.
 E = Time spent auto-exploring this place.
 F = Levels seen in this place.
 G = Mean time per level.
                   A        B        C        D        E       F      G
               +--------+--------+--------+--------+--------+-----+--------+
         Total |    423 |    423 |      0 |     55 |    268 |   1 |  423.0 |
       Dungeon |    423 |    423 |      0 |     55 |    268 |   1 |  423.0 |
               +--------+--------+--------+--------+--------+-----+--------+

Top non-repeatable levels by time:
     D:1: 423 daAuts
